AoeStats
← Seeker

MegaRandom

507608445Analyzed
3v3 RM · 12d ago on Sep 19, 2026· 42m 41s· 6 players
Game mode
Random Map
Map size
Normal (6 player)
Population
200
Speed
Normal
Resources
Standard
Victory
Conquest
Starting age
Dark Age
Ending age
Imperial Age
RankedLock teamsTeams togetherTeam positionsShared explorationLock speedFull tech treeHidden civsTurbo modeCheats
Victory
Defeat
🇨🇱 Tupi · Chile
1072
+14
🇨🇱 Lithuanians · Chile
1049
+15
🇨🇱 Vietnamese · Chile
976
+19
🇨🇦 Bengalis · Canada
1083
-18
🇨🇦 Dravidians · Canada
1080
-18
🇨🇦 Mongols · Canada
931
-12
Leeoku
10:08 Loom
12:19 Feudal Age
14:44 Double-Bit Axe
19:23 Castle Age
17:29 Horse Collar
20:28 Bow Saw
20:43 Heavy Plow
20:15 Pikeman
30:11 Fletching
35:20 Imperial Age
35:27 Ballistics
35:14 Bodkin Arrow
35:30 Scale Mail Armor
35:36 Elite Skirmisher
36:31 Forging
35:44 Halberdier
40:22 Chain Mail Armor
41:19 Conscription
Sinister Monster
10:12 Loom
11:57 Feudal Age
13:48 Double-Bit Axe
17:59 Castle Age
17:50 Bloodlines
17:33 Fletching
18:26 Scale Barding Armor
20:08 Horse Collar
20:40 Gold Mining
21:50 Husbandry
25:06 Forging
26:49 Bodkin Arrow
26:42 Town Watch
28:07 Bow Saw
29:38 Wheelbarrow
28:53 Light Cavalry
30:05 Padded Archer Armor
32:59 Chain Barding Armor
34:18 Heavy Plow
34:20 Stone Mining
37:37 Leather Archer Armor
37:57 Iron Casting
41:08 Imperial Age
39:40 Ballistics
41:24 Thumb Ring
42:30 Drill
42:31 Conscription
43:39 Chemistry
Cavil
5:35 Loom
10:21 Feudal Age
10:55 Double-Bit Axe
17:39 Castle Age
16:09 Fletching
17:54 Crossbowman
19:19 Horse Collar
25:54 Bow Saw
27:03 Bodkin Arrow
29:43 Elite Skirmisher
35:44 Padded Archer Armor
37:29 Leather Archer Armor
38:55 Ballistics
Seeker
10:29 Feudal Age
8:45 Loom
14:25 Castle Age
13:43 Double-Bit Axe
17:05 Town Watch
21:16 Bow Saw
22:40 Fletching
26:54 Bodkin Arrow
26:50 Horse Collar
27:06 Gold Mining
28:42 Heavy Plow
29:52 Wheelbarrow
30:04 Ballistics
30:16 Padded Archer Armor
31:01 Gold Shaft Mining
30:21 Stone Mining
34:44 Imperial Age
32:55 Leather Archer Armor
32:12 Crossbowman
32:15 Elite Skirmisher
35:53 Conscription
35:01 Elite Blackwood Archer
36:46 Chemistry
35:49 Bracer
36:26 Champi Runner
37:12 Squires
36:57 Arson
37:46 Ring Archer Armor
39:41 Hand Cart
39:34 Curare
PotroLeyan
11:04 Feudal Age
16:54 Double-Bit Axe
19:17 Castle Age
19:04 Fletching
24:53 Horse Collar
28:24 Bodkin Arrow
30:00 Padded Archer Armor
33:17 Pikeman
35:56 Wheelbarrow
38:46 Bow Saw
38:43 Heavy Plow
39:39 Elite Skirmisher
42:21 Husbandry
42:32 Bloodlines
41:43 Light Cavalry
Aagler
12:16 Feudal Age
13:29 Loom
16:23 Castle Age
16:02 Double-Bit Axe
18:06 Town Watch
19:22 Fervor
20:06 Wheelbarrow
23:45 Scale Barding Armor
25:39 Chain Barding Armor
26:48 Hand Cart
27:39 Fletching
29:06 Bodkin Arrow
29:23 Forging
29:55 Bloodlines
33:42 Husbandry
33:08 Elite Skirmisher
33:50 Padded Archer Armor
34:25 Iron Casting
36:43 Leather Archer Armor
40:31 Bow Saw
40:03 Horse Collar
40:14 Gold Mining
44:23 Imperial Age
Connection lost

Rejoining the realm…

Still unreachable

The connection could not be restored.

Session expired

The server has moved on; the page needs a fresh start.